 Dungeon Crawl Stone Soup version 0.20.1-1-g8b1a95d (webtiles) character file.

863 wojtek the Chopper (level 7, -2/64 HPs)
             Began as a Minotaur Fighter on Dec 25, 2017.
             Slain by a yak (4 damage)
             ... on level 5 of the Dungeon.
             The game lasted 00:05:56 (3160 turns).

wojtek the Chopper (Minotaur Fighter)               Turns: 3160, Time: 00:05:56

Health: -2/64      AC: 10    Str: 23    XL:     7   Next: 72%
Magic:  6/6        EV:  7    Int:  5    God:
Gold:   278        SH:  9    Dex:  9    Spells: 6/6 levels left

rFire    . . .     SeeInvis .   a - +0 war axe
rCold    . . .     Gourm    .   c - +0 shield
rNeg     . . .     Faith    .   b - +0 scale mail
rPois    .         Spirit   .   (helmet restricted)
rElec    .         Reflect  .   (no cloak)
rCorr    .         Harm     .   h - +0 pair of gloves
MR       .....                  o - +0 pair of boots
Stlth    ..........             (no amulet)
Regen    0.2/turn               (no ring)
MPRegen  0.1/turn               (no ring)

@: no status effects
A: retaliatory headbutt, horns 2
a: no special abilities


You were on level 5 of the Dungeon.
You were hungry.

You visited 1 branch of the dungeon, and saw 5 of its levels.
You also visited: Sewer.

You collected 278 gold pieces.

Inventory:

Hand Weapons
 a - a +0 war axe (weapon)
Armour
 b - a +0 scale mail (worn)
 c - a +0 shield (worn)
 h - a +0 pair of gloves (worn)
 o - a +0 pair of boots (worn)
Jewellery
 l - an uncursed ring of magical power {unknown}
 E - an uncursed ring of stealth {unknown}
Wands
 D - a wand of digging (15/24)
Scrolls
 e - a scroll of amnesia {unknown}
 j - 2 scrolls of remove curse {unknown}
 n - 11 scrolls of identify {unknown}
 q - a scroll of magic mapping {unknown}
 r - 2 scrolls of fog {unknown}
 s - 6 scrolls of fear {unknown}
 u - a scroll of immolation {unknown}
 y - a scroll of enchant weapon {unknown}
 C - a scroll of teleportation {unknown}
Potions
 d - 2 potions of might
 g - 2 potions of magic {unknown}
 k - 2 potions of ambrosia {unknown}
 m - a potion of invisibility {unknown}
 p - 4 potions of curing
 w - a potion of mutation {unknown}
 x - 3 potions of haste {unknown}
 B - a potion of heal wounds {unknown}
Books
 v - Jessica's Guide on the Compass
   (You found it on level 3 of the Dungeon)

   Spells                             Type                      Level
   a - Apportation                    Translocation                1
Comestibles
 f - 4 bread rations
 i - 4 meat rations
 t - a royal jelly
 z - 7 fruits
 A - 4 chunks of flesh


   Skills:
 + Level 6.5 Fighting
 * Level 7.7 Axes
 + Level 6.2 Armour
 - Level 3.6 Shields


You had 6 spell levels left.
You didn't know any spells.

Dungeon Overview and Level Annotations

Branches:
Dungeon (5/15)
 Temple: D:4-7

Altars:
Cheibriados
Xom

Portals:
Ossuary: D:5


Innate Abilities, Weirdness & Mutations

You reflexively headbutt those who attack you in melee.
You have a pair of horns on your head.


Message History

You headbutt the yak.
You kill the yak!
The adder bites you but does no damage.
It was a potion of curing.
You feel better. You block the adder's attack.
The yak gores you but does no damage. The adder bites you but does no damage.
You block the yak's attack.
You barely miss the yak. You headbutt the yak!
The yak is moderately wounded.
You hit the yak. You closely miss the adder. You block the yak's attack.
You block the adder's attack. The yak gores you!
* * * LOW HITPOINT WARNING * * *
You hit the yak.
The yak is heavily wounded.
You hit the adder.
You kill the adder!
You hit the yak but do no damage. The yak gores you but does no damage.
You block the yak's attack. The yak gores you!
* * * LOW HITPOINT WARNING * * *
The yak gores you.
You die...

.######.# #.#
........# #.#
#.######)####.#
#..$..<....##.#
#######.......#
#..[...'#### #+
#......#...# ..#
#.....##.>.#.>.#
#..@..##...#...#
#..YY.##########
#..†..# ..#...#
#..#.## .∩.#.>.#
#..#.# #...#...#
.......
+#######+
###.##.## .. #.#
### ...


You could see 2 yaks.

Vanquished Creatures
  Sigmund (D:2)
  2 yaks (D:5)
  The ghost of TheOvate the Twirler, an amateur HuWn (D:3)
  A centaur (D:3)
  A bullfrog skeleton (D:4)
  Jessica (D:3)
  A hound zombie (D:5)
  7 adders
  2 river rats (Sewer)
  A shadow imp (D:5)
  2 worms
  4 dart slugs
  3 leopard geckos
  2 orcs
  2 ball pythons
  6 giant cockroaches
  6 hobgoblins
  4 jackals
  5 quokkas
  9 bats
  12 frilled lizards
  5 goblins
  A jackal skeleton (D:4)
  5 kobolds
  A leopard gecko skeleton (D:4)
  17 rats
102 creatures vanquished.

Notes
Turn   | Place    | Note
-------+----------+-------------------------------------------
     0 | D:1      | wojtek the Minotaur Fighter began the quest for the Orb.
     0 | D:1      | Reached XP level 1. HP: 19/19 MP: 0/0
    35 | D:1      | Found a snail-covered altar of Cheibriados.
   168 | D:1      | Reached XP level 2. HP: 27/27 MP: 1/1
   191 | D:1      | Reached skill level 3 in Axes
   469 | D:2      | Noticed Sigmund
   485 | D:2      | Killed Sigmund
   485 | D:2      | Reached skill level 5 in Fighting
   485 | D:2      | Reached skill level 4 in Axes
   485 | D:2      | Reached XP level 3. HP: 8/36 MP: 2/2
   485 | D:2      | Reached XP level 4. HP: 9/42 MP: 3/3
   485 | D:2      | Reached XP level 5. HP: 10/48 MP: 4/4
   857 | D:2      | Reached skill level 5 in Axes
   924 | D:2      | Found a shimmering altar of Xom.
  1408 | D:3      | Noticed Jessica
  1411 | D:3      | Killed Jessica
  1420 | D:3      | Identified Jessica's Guide on the Compass
  1518 | D:3      | Reached XP level 6. HP: 56/56 MP: 5/5
  1551 | D:3      | Reached skill level 5 in Armour
  1590 | D:3      | Noticed TheOvate's ghost (amateur HuWn)
  1598 | D:3      | Killed TheOvate's ghost
  1967 | D:3      | Reached skill level 6 in Axes
  2327 | D:4      | Found a glowing drain.
  2343 | Sewer    | Entered a sewer
  2807 | D:4      | Reached XP level 7. HP: 62/62 MP: 6/6
  3120 | D:5      | Entered Level 5 of the Dungeon
  3139 | D:5      | Found a sand-covered staircase.
  3144 | D:5      | Noticed a yak
  3145 | D:5      | Noticed a yak
  3146 | D:5      | Noticed a yak
  3146 | D:5      | Noticed a yak
  3155 | D:5      | Killed a yak
  3155 | D:5      | Reached skill level 7 in Axes
  3155 | D:5      | Killed a yak
  3158 | D:5      | HP: 2/64 [yak (9)]
  3160 | D:5      | Slain by a yak

Skill      XL: |  1  2  3  4  5  6  7 |
---------------+----------------------+-----
Axes           | 4 5 6 7 |  7.7
Fighting       | 5 6 |  6.5
Armour         | 4 5 6 |  6.2
Shields        | |  3.6

Action                   |  1- 3 |  4- 6 |  7- 9 || total
-------------------------+-------+-------+-------++-------
Melee: War axe           |    41 |   164 |    16 ||   221
       Headbutt          |     5 |    20 |     4 ||    29
  Use: Potion            |       |       |     1 ||     1
  Eat: Chunk             |       |     6 |     1 ||     7
Armor: Scale mail        |    16 |    79 |    10 ||   105
Dodge: Dodged            |    20 |    37 |     6 ||    63
Block: Shield            |    26 |   111 |    16 ||   153
